[Event "Titled Tuesday Blitz May 23 Early 2023"]
[White "lluiss"]
[Black "Butolo, Alexandru-Mircea"]
[BlackFideId "1261649"]
[WhiteElo "2270"]
[BlackElo "1850"]
[Result "0-1"]
[Round "04"]
[TimeControl "180+2"]
[Date "2023.05.23"]
[WhiteClock "0:00:00"]
[BlackClock "0:00:05"]

1. Nf3 Nf6 2. d4 d5 3. c4 e6 4. cxd5 exd5 5. Nc3 c6 6. Qc2 g6 7. Bg5 Bf5 8. Qb3 b6 9. Ne5 h6 10. Bxf6 Qxf6 11. Nxd5 cxd5 12. Qxd5 Bb4+ 13. Kd1 O-O 14. Qxa8 Rc8 15. e3 Nc6 16. Qxc8+ Bxc8 17. Rc1 Bb7 18. Nf3 Kg7 19. Bd3 Ne7 20. Ke2 Bxf3+ 21. gxf3 Nf5 22. a3 Bd6 23. Rc6 Nh4 24. Be4 Qe7 25. Rhc1 f5 26. Bd5 f4 27. e4 Qd7 28. e5 Bxe5 29. dxe5 Qxd5 30. Rc7+ Kf8 31. Rc8+ Ke7 32. R1c7+ Ke6 33. Rc6+ Kxe5 34. Re8+ Kf5 35. Rf8+ Kg5 36. Rc3 Nf5 37. h4+ Kxh4 38. Rh8 Nd4+ 39. Kf1 Kg5 40. Rf8 Nxf3 0-1


[Site "https://www.chess.com"]

[Event "Titled Tuesday Blitz May 23 Early 2023"]
[White "Drygalov, Andrey"]
[Black "Sarana, Alexey"]
[WhiteFideId "24171735"]
[BlackFideId "24133795"]
[WhiteElo "2466"]
[BlackElo "2714"]
[Result "0-1"]
[Round "05"]
[TimeControl "180+2"]
[Date "2023.05.23"]
[WhiteClock "0:00:05"]
[BlackClock "0:00:29"]

1. e4 c5 2. Nf3 d6 3. Bb5+ Bd7 4. Bxd7+ Nxd7 5. O-O e6 6. b3 Be7 7. Bb2 Bf6 8. c3 Ne7 9. d4 O-O 10. Re1 Nc6 11. Nbd2 cxd4 12. cxd4 d5 13. exd5 exd5 14. Nf1 Re8 15. Ne3 Nf8 16. Qd3 Ne6 17. Rad1 Qa5 18. a3 Rad8 19. b4 Qa4 20. Ng4 Be7 21. Rc1 a6 22. Nge5 Nxe5 23. Nxe5 Bf6 24. Ng4 Bg5 25. Rcd1 Rc8 26. Bc1 Rxc1 27. Rxc1 Bxc1 28. Rxc1 Nf4 29. Qd1 Ne2+ 30. Kf1 Qxa3 31. Ra1 Qxb4 32. Ne3 Nxd4 33. g3 h6 34. Kg2 Nb3 35. Rb1 Qe4+ 36. Kh3 Nd2 37. Rxb7 Nf3 38. g4 d4 39. Qb3 Ng5+ 0-1


[Site "https://www.chess.com"]

[Event "Titled Tuesday Blitz May 23 Early 2023"]
[White "Matlakov, Maxim"]
[Black "Martinez Alcantara, Jose Eduardo"]
[WhiteFideId "4168003"]
[BlackFideId "3805662"]
[WhiteElo "2666"]
[BlackElo "2711"]
[Result "1-0"]
[Round "05"]
[TimeControl "180+2"]
[Date "2023.05.23"]
[WhiteClock "0:00:27"]
[BlackClock "0:00:08"]

1. Nf3 Nf6 2. g3 b6 3. Bg2 Bb7 4. O-O g6 5. d3 c5 6. e4 d6 7. c4 Bg7 8. Nc3 Nc6 9. h3 Nd7 10. Be3 Nde5 11. Ne1 Nd4 12. f4 Nec6 13. a3 e6 14. Rb1 Qd7 15. b4 O-O 16. Kh2 Rad8 17. b5 Ne7 18. Ne2 f5 19. Nc2 Nxe2 20. Qxe2 e5 21. Rbd1 Rde8 22. Qd2 Kh8 23. a4 Ng8 24. exf5 Rxf5 25. a5 d5 26. a6 Ba8 27. fxe5 Rfxe5 28. Rde1 dxc4 29. Bxa8 Rxa8 30. dxc4 Qe6 31. Qd3 Rh5 32. h4 Nf6 33. Bg5 Ng4+ 34. Kg2 Ne5 35. Qd5 Qxd5+ 36. cxd5 h6 37. Bf6 Ng4 38. Bxg7+ Kxg7 39. Re7+ Kg8 40. Re4 Ne5 41. g4 Rxh4 42. Rxe5 Rxg4+ 43. Kh3 Rc4 44. Ne3 Rc3 45. Re7 Rf8 46. Rxf8+ Kxf8 47. d6 Rd3 48. Kg2 Rxd6 49. Rxa7 Rd4 50. Rb7 1-0


[Site "https://www.chess.com"]

[Event "Titled Tuesday Blitz May 23 Early 2023"]
[White "Bortnyk, Olexandr"]
[Black "Quesada Perez, Yuniesky"]
[WhiteFideId "14120828"]
[BlackFideId "3504409"]
[WhiteElo "2734"]
[BlackElo "2585"]
[Result "1-0"]
[Round "05"]
[TimeControl "180+2"]
[Date "2023.05.23"]
[WhiteClock "0:00:33"]
[BlackClock "0:00:01"]

1. e4 e5 2. Nf3 Nc6 3. Bb5 Nf6 4. Nc3 Bb4 5. O-O O-O 6. d3 Bxc3 7. bxc3 d6 8. h3 Ne7 9. Re1 Ng6 10. d4 b6 11. dxe5 dxe5 12. Bc6 Be6 13. Qxd8 Rfxd8 14. Bxa8 Rxa8 15. Bg5 Ne8 16. a4 f6 17. Bc1 Nd6 18. a5 Nc4 19. axb6 cxb6 20. Nd2 Na5 21. f3 Ne7 22. Ba3 Nec6 23. Bb4 Nb7 24. Ba3 Kf7 25. Kf2 Rc8 26. Red1 Nca5 27. Bb4 Nc6 28. Nf1 a5 29. Ba3 Nb8 30. Bb2 Nd7 31. Ne3 Rc6 32. g4 Nd6 33. h4 Nc4 34. Nxc4 Rxc4 35. Rd6 Rc7 36. h5 Rb7 37. Rad1 Nc5 38. Ba3 Na4 39. Rd8 g5 40. Rf8+ Kg7 41. Rd6 Bf7 42. Rc6 Rd7 43. Ke3 Rb7 44. Rfc8 Rd7 45. Bf8+ 1-0


[Site "https://www.chess.com"]

[Event "Titled Tuesday Blitz May 23 Early 2023"]
[White "Demchenko, Anton"]
[Black "Babazada, Khazar"]
[WhiteFideId "4160258"]
[BlackFideId "13413554"]
[WhiteElo "2545"]
[BlackElo "2351"]
[Result "0-1"]
[Round "05"]
[TimeControl "180+2"]
[Date "2023.05.23"]
[WhiteClock "0:00:00"]
[BlackClock "0:00:12"]

1. e4 c5 2. Nc3 Nc6 3. Bb5 e6 4. Bxc6 bxc6 5. d3 d5 6. f4 Nf6 7. Qe2 g6 8. Nf3 Bg7 9. O-O O-O 10. Kh1 Ba6 11. e5 Nd7 12. Qf2 c4 13. d4 f6 14. Be3 Rb8 15. Rab1 Qe7 16. Qg3 f5 17. h4 Rb7 18. Rfe1 Rfb8 19. b3 Qf7 20. Kh2 Bf8 21. h5 Bb4 22. Bd2 Nf8 23. Rh1 c5 24. Rbd1 cxb3 25. axb3 Rc7 26. Na4 Bxd2 27. Rxd2 cxd4 28. Nxd4 Bc8 29. Nc3 Bd7 30. Nce2 a5 31. Rd3 Bb5 32. Nxb5 Rxb5 33. Nd4 Rbc5 34. Kg1 Qg7 35. hxg6 hxg6 36. Qg5 Qe7 37. Qh6 Qg7 38. Qh4 g5 39. fxg5 Qxe5 40. Qf2 Rc3 41. Rxc3 Rxc3 42. Rh3 Rxh3 43. gxh3 Ng6 44. h4 Qe4 45. h5 Nf4 46. Kh2 Nxh5 47. Nf3 Qf4+ 48. Kg2 Qg4+ 49. Kh2 Nf4 50. Qg3 Qh5+ 51. Nh4 Qe2+ 52. Kh1 e5 53. g6 Qd1+ 54. Kh2 Qxc2+ 55. Kh1 Qd1+ 56. Kh2 Qg4 57. Qxg4 fxg4 58. Kg3 Kg7 59. Kxg4 Nxg6 60. Nf5+ Kf6 61. Nd6 e4 62. Nb7 Ke5 63. Nxa5 d4 64. Nc4+ Kd5 65. Nb2 d3 66. Kg3 Kd4 67. Kf2 e3+ 68. Ke1 Ne5 69. b4 Nf3+ 70. Kf1 e2+ 71. Kg2 e1=Q 0-1


[Site "https://www.chess.com"]

[Event "Titled Tuesday Blitz May 23 Early 2023"]
[White "Zherebukh, Yaroslav"]
[Black "Svane, Frederik"]
[WhiteFideId "14116804"]
[BlackFideId "12923044"]
[WhiteElo "2531"]
[BlackElo "2502"]
[Result "0-1"]
[Round "05"]
[TimeControl "180+2"]
[Date "2023.05.23"]
[WhiteClock "0:00:00"]
[BlackClock "0:00:03"]

1. Nf3 d5 2. b3 c5 3. e3 a6 4. Bb2 Nc6 5. d4 Bg4 6. dxc5 e5 7. Nbd2 Bxc5 8. Be2 Qe7 9. Nxe5 Nxe5 10. Bxg4 d4 11. e4 Nf6 12. Be2 Bb4 13. O-O Rd8 14. f4 Bxd2 15. Qxd2 Nxe4 16. Qe1 Nc6 17. Bf3 f5 18. g4 g6 19. gxf5 gxf5 20. Kh1 Rg8 21. Rd1 Rd7 22. Rg1 Rxg1+ 23. Kxg1 Kd8 24. Kh1 Kc7 25. Qe2 Qe6 26. Qg2 Kb8 27. Re1 Re7 28. Rd1 Ka7 29. Bxd4+ Nxd4 30. Rxd4 Qb6 31. c3 Nxc3 32. Qd2 Nxa2 0-1


[Site "https://www.chess.com"]

[Event "Titled Tuesday Blitz May 23 Early 2023"]
[White "Sjugirov, Sanan"]
[Black "Beerdsen, Thomas"]
[WhiteFideId "4189302"]
[BlackFideId "1030108"]
[WhiteElo "2569"]
[BlackElo "2549"]
[Result "1-0"]
[Round "05"]
[TimeControl "180+2"]
[Date "2023.05.23"]
[WhiteClock "0:00:04"]
[BlackClock "0:01:23"]

1. d4 Nf6 2. c4 a6 3. Nc3 b5 4. cxb5 axb5 5. Nxb5 e5 6. e3 exd4 7. exd4 Ne4 8. Nc3 Bb4 9. Qc2 d5 10. Nf3 Qe7 11. Be3 Ra3 12. Bb5+ c6 13. O-O Nxc3 14. bxa3 Nxb5 15. axb4 Qxb4 16. a4 Na3 17. Qd2 Qxd2 18. Nxd2 Nc2 19. Rab1 Na6 20. Rfc1 Ncb4 21. Nf3 Bf5 22. Rb3 Ke7 23. Bd2 Nd3 24. Rxc6 Ra8 25. Rb7+ Ke8 26. Ne5 Nxe5 27. dxe5 d4 28. f3 Bd7 29. Rd6 Bxa4 30. Rxd4 Nc5 31. Rb1 Bc2 32. Rf1 Ne6 33. Rd6 g6 34. Rc1 Bf5 35. g4 Bxg4 36. fxg4 Ra4 37. h3 h5 38. Be1 h4 39. Bxh4 g5 40. Rxe6+ 1-0


[Site "https://www.chess.com"]

[Event "Titled Tuesday Blitz May 23 Early 2023"]
[White "Hayrapetyan, Hovik"]
[Black "Narayanan, Srinath"]
[WhiteFideId "13302639"]
[BlackFideId "5018420"]
[WhiteElo "2348"]
[BlackElo "2438"]
[Result "1-0"]
[Round "05"]
[TimeControl "180+2"]
[Date "2023.05.23"]
[WhiteClock "0:00:24"]
[BlackClock "0:00:35"]

1. d4 d5 2. c4 dxc4 3. Nf3 Nf6 4. e3 e6 5. Bxc4 c5 6. O-O a6 7. b3 cxd4 8. Nxd4 Bd6 9. Bb2 e5 10. Nf3 Nc6 11. Nc3 O-O 12. Nd5 Nxd5 13. Bxd5 Qe7 14. Bxc6 bxc6 15. e4 Bg4 16. h3 Bh5 17. Qe2 a5 18. Rac1 a4 19. Rxc6 axb3 20. axb3 Ra2 21. g4 Bg6 22. Rd1 Ba3 23. Bxa3 Qxa3 24. Qe3 Qb2 25. Rcd6 Bxe4 26. Rd8 Bxf3 27. Rxf8+ Kxf8 28. Qc5+ Ke8 29. Qc8+ Ke7 30. Qd8+ Ke6 31. Qd6# 1-0


[Site "https://www.chess.com"]

[Event "Titled Tuesday Blitz May 23 Early 2023"]
[White "Grischuk, Alexander"]
[Black "Mahdavi, Reza"]
[WhiteFideId "4126025"]
[BlackFideId "12595926"]
[WhiteElo "2721"]
[BlackElo "2352"]
[Result "1-0"]
[Round "05"]
[TimeControl "180+2"]
[Date "2023.05.23"]
[WhiteClock "0:00:21"]
[BlackClock "0:00:00"]

1. Nf3 Nf6 2. g3 g6 3. c4 Bg7 4. Nc3 O-O 5. Bg2 d6 6. d4 Nbd7 7. O-O e5 8. e4 exd4 9. Nxd4 Nc5 10. h3 Re8 11. Re1 c6 12. Qc2 Nfxe4 13. Nxe4 Bxd4 14. Bg5 Qd7 15. Nf6+ Bxf6 16. Bxf6 Re6 17. Qc3 Qe8 18. Rad1 Rxe1+ 19. Rxe1 Be6 20. Qd2 Nd7 21. Bc3 Qf8 22. b3 Re8 23. Qd4 f6 24. Qxa7 Nc5 25. Qb6 Bd7 26. Rxe8 Qxe8 27. Bd4 Qe1+ 28. Kh2 Ne6 29. Be3 Bc8 30. Qa7 Nf8 31. Qb8 Be6 32. Bh6 1-0


[Site "https://www.chess.com"]

[Event "Titled Tuesday Blitz May 23 Early 2023"]
[White "Salinas Herrera, Pablo"]
[Black "Dubov, Daniil"]
[WhiteFideId "3407128"]
[BlackFideId "24126055"]
[WhiteElo "2546"]
[BlackElo "2793"]
[Result "0-1"]
[Round "05"]
[TimeControl "180+2"]
[Date "2023.05.23"]
[WhiteClock "0:00:01"]
[BlackClock "0:01:44"]

1. d4 Nf6 2. Nf3 d5 3. Bf4 g6 4. e3 Bg7 5. h3 O-O 6. Be2 c5 7. c3 Nc6 8. O-O b6 9. Nbd2 Bb7 10. Re1 Nd7 11. Bh2 e5 12. dxe5 Ncxe5 13. Qc2 Re8 14. Rad1 Qe7 15. a4 Rac8 16. a5 d4 17. Nxe5 Bxe5 18. Nf1 Bxh2+ 19. Kxh2 Qg5 20. Ng3 h5 21. Bf1 h4 22. Ne2 dxe3 23. f4 Qe7 24. axb6 Nxb6 25. Kg1 Rcd8 26. Rxd8 Rxd8 27. f5 Rd2 28. Qc1 gxf5 29. Nf4 Qe5 30. Nd3 Qg3 0-1


[Site "https://www.chess.com"]

[Event "Titled Tuesday Blitz May 23 Early 2023"]
[White "Molina, Roberto Junio Brito"]
[Black "Paravyan, David"]
[WhiteFideId "2109450"]
[BlackFideId "4194985"]
[WhiteElo "2376"]
[BlackElo "2563"]
[Result "0-1"]
[Round "05"]
[TimeControl "180+2"]
[Date "2023.05.23"]
[WhiteClock "0:00:00"]
[BlackClock "0:00:03"]

1. d4 Nf6 2. Nf3 g6 3. e3 Bg7 4. Be2 O-O 5. O-O d5 6. b4 a5 7. b5 c5 8. bxc6 Nxc6 9. c4 Bf5 10. Nc3 dxc4 11. Bxc4 Rc8 12. Bd3 Bxd3 13. Qxd3 e5 14. Ba3 Nb4 15. Qd2 Nfd5 16. Nxd5 Qxd5 17. Bxb4 axb4 18. Qxb4 exd4 19. exd4 Rc2 20. Qb3 Qc4 21. Qxb7 Bxd4 22. Nxd4 Qxd4 23. a4 Rxf2 24. Kh1 Qxa4 25. h3 Qf4 26. Rxf2 Qxf2 27. Qb5 Qd4 28. Rf1 Rd8 29. Qb7 Rd7 30. Qc8+ Kg7 31. Qe8 Qd6 32. Re1 Qd2 33. Qe5+ f6 34. Qe8 Qd6 35. Qe6 Qxe6 36. Rxe6 g5 37. Rb6 h5 38. Kg1 Rd2 39. Rb8 Kg6 40. Kh2 Kf5 41. Rb5+ Ke4 42. Rb4+ Ke5 43. Rb6 h4 44. Rb5+ Rd5 45. Rb8 f5 46. Rg8 Kf4 47. Rf8 Rd4 48. Rf7 Re4 49. Rf8 Re5 50. Rf7 Ke3 51. Rg7 f4 52. Ra7 Kf2 53. Ra2+ Kf1 54. Ra1+ Kf2 55. Ra2+ Re2 56. Ra5 Kf1 57. Rxg5 f3 58. Rf5 Rxg2+ 59. Kh1 Rg3 60. Kh2 Rg2+ 61. Kh1 Rg3 62. Kh2 f2 63. Rf4 Ke2 64. Rxh4 Rf3 0-1


[Site "https://www.chess.com"]

[Event "Titled Tuesday Blitz May 23 Early 2023"]
[White "Karthik Venkataraman"]
[Black "Cordova, Emilio"]
[WhiteFideId "25006479"]
[BlackFideId "3801497"]
[WhiteElo "2419"]
[BlackElo "2607"]
[Result "0-1"]
[Round "05"]
[TimeControl "180+2"]
[Date "2023.05.23"]
[WhiteClock "0:00:58"]
[BlackClock "0:00:31"]

1. Nf3 b6 2. g3 Bb7 3. Bg2 c5 4. O-O e6 5. c4 Nf6 6. b3 Be7 7. Bb2 O-O 8. e3 d6 9. Nc3 Nbd7 10. d4 cxd4 11. exd4 Ne4 12. Nxe4 Bxe4 13. Qe2 d5 14. Rfd1 Rc8 15. Rac1 Nf6 16. Bh3 h6 17. Ne5 Kh8 18. f3 Bh7 19. cxd5 Rxc1 20. Rxc1 Nxd5 21. Qa6 Kg8 22. Qxa7 Bg5 23. f4 Bxf4 24. gxf4 Nxf4 25. Bg4 Be4 26. Ba3 Qg5 27. Bxf8 Nh3+ 28. Kf1 Qxc1+ 29. Ke2 Nf4+ 30. Kf2 Qd2+ 31. Kg3 Qe1+ 32. Kxf4 g5# 0-1


[Site "https://www.chess.com"]

[Event "Titled Tuesday Blitz May 23 Early 2023"]
[White "Kramnik, Vladimir"]
[Black "Vitiugov, Nikita"]
[WhiteFideId "4101588"]
[BlackFideId "4152956"]
[WhiteElo "2703"]
[BlackElo "2673"]
[Result "1-0"]
[Round "05"]
[TimeControl "180+2"]
[Date "2023.05.23"]
[WhiteClock "0:01:08"]
[BlackClock "0:00:16"]

1. Nf3 d5 2. g3 Bg4 3. Bg2 c6 4. d3 Nf6 5. O-O Nbd7 6. h3 Bh5 7. Qe1 e5 8. e4 dxe4 9. dxe4 Be7 10. Nh4 O-O 11. Nf5 Bc5 12. b4 Bb6 13. Na3 a5 14. b5 Bc5 15. bxc6 bxc6 16. Nc4 Qc7 17. Be3 Bg6 18. Rd1 Bxf5 19. exf5 e4 20. Bf4 Qa7 21. Nd6 Nd5 22. Nxe4 Nxf4 23. gxf4 Be7 24. Qe3 Nf6 25. Nxf6+ Bxf6 26. Bxc6 Qxe3 27. fxe3 Rac8 28. Ba4 Rc4 29. Bb3 Rb4 30. a4 g6 31. Kf2 gxf5 32. Rd5 1-0


[Site "https://www.chess.com"]

[Event "Titled Tuesday Blitz May 23 Early 2023"]
[White "Suyarov, Mukhammadzokhid"]
[Black "Galchenko, Matvey"]
[WhiteFideId "14210495"]
[BlackFideId "24175480"]
[WhiteElo "2361"]
[BlackElo "2423"]
[Result "0-1"]
[Round "05"]
[TimeControl "180+2"]
[Date "2023.05.23"]
[WhiteClock "0:00:59"]
[BlackClock "0:00:07"]

1. d4 d5 2. Nc3 Nf6 3. Bf4 c5 4. e4 cxd4 5. Qxd4 Nc6 6. Bb5 Bd7 7. Bxc6 Bxc6 8. e5 Nd7 9. e6 fxe6 10. Nf3 Qb6 11. Qd2 g6 12. O-O-O Bg7 13. Bh6 Bxh6 14. Qxh6 O-O-O 15. Rhe1 e5 16. Nxd5 Qc5 17. Ne3 Nf6 18. Ng5 Qa5 19. a3 Rxd1+ 20. Rxd1 Rd8 21. Qh3+ Kb8 22. Rxd8+ Qxd8 23. Qg3 Qd4 24. Nf7 Nd7 25. Ng4 Qf4+ 26. Ne3 Kc7 27. Ng5 Qxg3 28. hxg3 h6 29. Nf7 h5 30. Nh8 Nf8 31. Nf7 Nd7 32. f3 b5 33. b4 a6 34. Kd2 Bb7 35. Kd3 e4+ 36. fxe4 Nf6 37. Ng5 Kd6 38. c4 Ke5 39. Nd5 bxc4+ 40. Kxc4 Nxd5 41. exd5 Bxd5+ 42. Kc5 Bxg2 43. a4 Bf1 44. Nf3+ Kf6 45. Kd4 Bg2 46. Ne1 Bc6 47. Nd3 Bxa4 48. Nc5 Bb5 49. Ke4 Bc6+ 50. Ke3 Bb5 51. Ke4 Kg5 52. Kf3 Bc6+ 53. Kf2 Bb5 54. Kf3 Kf5 55. Ke3 Kg4 56. Kf2 g5 57. Ne6 h4 58. gxh4 gxh4 59. Nc7 e5 60. Nd5 Kf5 61. Nc3 Kf4 62. Nd5+ Ke4 63. Ne7 Kd3 64. Ng6 e4 65. Nxh4 e3+ 66. Ke1 Kc3 67. Nf5 e2 68. Ne3 Kxb4 69. Kd2 Kb3 70. Nc2 Kb2 71. Nd4 Bc4 72. Nc6 Ka3 73. Nd4 a5 74. Nf3 Kb2 75. Ne1 a4 76. Nc2 a3 77. Ne3 Bb5 78. Nc2 a2 79. Na1 Kxa1 80. Kc3 e1=Q+ 81. Kc2 Ba4+ 82. Kd3 Kb2 83. Kc4 a1=Q 84. Kc5 Qac1+ 85. Kb6 Qe6+ 86. Ka5 Qc5+ 87. Kxa4 Qa6# 0-1


[Site "https://www.chess.com"]

[Event "Titled Tuesday Blitz May 23 Early 2023"]
[White "Averjanov, Alexey"]
[Black "demon64fields"]
[WhiteFideId "14109867"]
[WhiteElo "2764"]
[BlackElo "2879"]
[Result "1-0"]
[Round "05"]
[TimeControl "180+2"]
[Date "2023.05.23"]
[WhiteClock "0:01:12"]
[BlackClock "0:01:52"]

1. d4 g6 2. c4 Bg7 3. Nf3 d6 4. g3 e5 5. Bg2 exd4 6. Nxd4 Ne7 7. O-O Nbc6 8. Nxc6 bxc6 9. Nc3 O-O 10. Qc2 Rb8 11. b3 Bf5 12. e4 Be6 13. Bb2 c5 14. Rad1 Nc6 15. Qd2 Nd4 16. Nd5 Bxd5 17. exd5 Qf6 18. Bxd4 Qxd4 19. Qa5 Rb7 20. Rxd4 Bxd4 21. Re1 Kg7 22. Re7 h5 23. Rxc7 Rbb8 24. Re7 Rfe8 25. Rxe8 Rxe8 26. Kf1 Re5 27. Qxa7 Rf5 28. f4 g5 29. Be4 Rf6 30. f5 g4 31. b4 h4 32. b5 Rh6 33. b6 hxg3 34. hxg3 Rh2 35. b7 Rf2+ 36. Ke1 1-0


[Site "https://www.chess.com"]

[Event "Titled Tuesday Blitz May 23 Early 2023"]
[White "Stribuk, Artiom"]
[Black "Vakhlamov, Igor L."]
[WhiteFideId "13515659"]
[BlackFideId "24126748"]
[WhiteElo "2303"]
[BlackElo "2407"]
[Result "0-1"]
[Round "05"]
[TimeControl "180+2"]
[Date "2023.05.23"]
[WhiteClock "0:00:01"]
[BlackClock "0:00:08"]

1. d4 d5 2. c4 e6 3. Nf3 Nf6 4. g3 c5 5. Bg2 cxd4 6. O-O Bc5 7. Nxd4 O-O 8. Nb3 Bb6 9. Bg5 dxc4 10. N3d2 h6 11. Bxf6 Qxf6 12. Nc3 Rd8 13. Qc2 Nc6 14. Nxc4 Bd7 15. Nxb6 axb6 16. Rfd1 Nd4 17. Qe4 Bc6 18. Qf4 Qxf4 19. gxf4 Kf8 20. Bxc6 bxc6 21. e3 Nf3+ 22. Kg2 Nh4+ 23. Kg3 Nf5+ 24. Kf3 Ke7 25. a4 c5 26. Ke2 g5 27. fxg5 hxg5 28. Rxd8 Kxd8 29. Ne4 g4 30. b3 Ke7 31. Nd2 Nd6 32. Rg1 f5 33. f3 Rh8 34. Rg2 gxf3+ 35. Kxf3 Kf6 36. Ke2 Rh4 37. Kd3 e5 38. Nc4 Nxc4 39. bxc4 e4+ 40. Kc3 Ke5 41. Rb2 Rh3 42. Rxb6 Rxe3+ 43. Kd2 Ra3 44. Rc6 Kd4 45. Rf6 Rxa4 46. Rxf5 Ra2+ 47. Kc1 Rxh2 48. Kd1 Kxc4 49. Rf8 Kd3 50. Rd8+ Ke3 51. Rc8 Rh1+ 52. Kc2 Rh5 53. Re8 Kf3 54. Kd2 Rd5+ 55. Ke1 Ke3 56. Rc8 Kd3 57. Kd1 c4 58. Kc1 e3 59. Re8 Rd4 60. Re7 Ke2 61. Kc2 Kf2 62. Rf7+ Ke1 63. Re7 e2 64. Rf7 Rd3 65. Rf6 Rd2+ 66. Kc1 c3 67. Rf7 c2 68. Rf8 Rd1+ 69. Kxc2 Rd7 70. Rf6 Rc7+ 71. Kb2 Rc4 72. Kb3 Rc5 73. Kb4 Rc2 74. Kb3 Rd2 75. Rh6 Kd1 76. Rh1+ e1=Q 0-1


[Site "https://www.chess.com"]

[Event "Titled Tuesday Blitz May 23 Early 2023"]
[White "Bacrot, Etienne"]
[Black "Gorovets, Andrey"]
[WhiteFideId "605506"]
[BlackFideId "13504037"]
[WhiteElo "2672"]
[BlackElo "2459"]
[Result "1-0"]
[Round "05"]
[TimeControl "180+2"]
[Date "2023.05.23"]
[WhiteClock "0:00:08"]
[BlackClock "0:00:00"]

1. e4 e6 2. d3 b6 3. g3 Bb7 4. Bg2 d5 5. Nd2 dxe4 6. Nxe4 Nc6 7. Nf3 Be7 8. O-O Nf6 9. Ne5 Nxe5 10. Nxf6+ Bxf6 11. Bxb7 Rb8 12. Bg2 c5 13. Re1 Ng6 14. Bc6+ Ke7 15. a4 Qd6 16. Be4 Rbd8 17. a5 b5 18. a6 b4 19. Qh5 Rc8 20. Bb7 Rc7 21. Rb1 Rd8 22. Be3 Bd4 23. Bg5+ Bf6 24. Bd2 h6 25. Be4 Ne5 26. Bf4 g5 27. Bd2 Qxa6 28. f4 Nd7 29. fxg5 hxg5 30. Bxg5 Qd6 31. Rf1 Qd4+ 32. Kh1 Rg8 33. Bh4 Bxh4 34. Qxf7+ Kd6 35. Qxg8 Bf6 36. Bg2 a5 37. Rbe1 Be5 38. Bh3 Qd5+ 39. Re4 c4 40. Rd1 c3 41. b3 a4 42. Bg2 axb3 43. Rxb4 bxc2 44. Rc1 Qxd3 45. Re4 1-0


[Site "https://www.chess.com"]

[Event "Titled Tuesday Blitz May 23 Early 2023"]
[White "Talibov, Shiroghlan"]
[Black "Simonian, Hrair"]
[WhiteFideId "13429078"]
[BlackFideId "13302337"]
[WhiteElo "2188"]
[BlackElo "2447"]
[Result "1-0"]
[Round "05"]
[TimeControl "180+2"]
[Date "2023.05.23"]
[WhiteClock "0:00:08"]
[BlackClock "0:00:00"]

1. a3 e5 2. c4 Nf6 3. g3 d5 4. cxd5 Qxd5 5. Nf3 Nc6 6. Nc3 Qa5 7. d3 e4 8. dxe4 Nxe4 9. Bd2 Nxd2 10. Qxd2 Be6 11. Bg2 Rd8 12. Qc1 Be7 13. O-O O-O 14. Qf4 Bf6 15. Rac1 Nd4 16. Nxd4 Rxd4 17. Qe3 Rfd8 18. Ne4 Be7 19. h4 h6 20. b4 Qb6 21. Nc5 Bxc5 22. Rxc5 c6 23. Bf3 Qc7 24. Rfc1 Qd6 25. Kg2 Bg4 26. Bxg4 Rxg4 27. Re5 Rd4 28. Re8+ Kh7 29. Rxd8 Qxd8 30. Rc5 Rd5 31. Rc4 a6 32. Rf4 f5 33. h5 Qf6 34. Qf3 Qe6 35. e3 Re5 36. a4 b6 37. Kh2 c5 38. bxc5 bxc5 39. Qb7 Re4 40. Rf3 c4 41. Qc7 Qe5 42. Qc6 Rh4+ 43. Kg2 Re4 44. Qg6+ Kh8 45. Rxf5 Qe8 46. Qd6 Re7 47. Qd5 1-0


[Site "https://www.chess.com"]

[Event "Titled Tuesday Blitz May 23 Early 2023"]
[White "Sviridov, Valery"]
[Black "Gareyev, Timur"]
[WhiteFideId "4120680"]
[BlackFideId "14200937"]
[WhiteElo "2457"]
[BlackElo "2563"]
[Result "1-0"]
[Round "05"]
[TimeControl "180+2"]
[Date "2023.05.23"]
[WhiteClock "0:00:18"]
[BlackClock "0:00:00"]

1. d4 g6 2. e4 d6 3. Nc3 a6 4. f4 b5 5. Nf3 Bb7 6. Bd3 Nd7 7. O-O c5 8. e5 cxd4 9. Ne4 Nc5 10. Qe2 Rc8 11. f5 dxe5 12. fxg6 hxg6 13. Nxe5 Bxe4 14. Bxe4 Nxe4 15. Qxe4 f5 16. Qb7 Nf6 17. Qxa6 Rc5 18. Bf4 Bh6 19. Nxg6 Bxf4 20. Nxf4 Qc8 21. Qb6 Qc6 22. Qb8+ Qc8 23. Qa7 Qc7 24. Qa8+ Qc8 25. Qf3 Rg8 26. Rae1 e5 27. Nd3 e4 28. Qh3 Rd5 29. Nf4 Rc5 30. Nh5 Nxh5 31. Qxh5+ Kd8 32. Qf7 Re8 33. Qf6+ Kc7 34. Qxd4 Kb7 35. c3 Qc6 36. Qg7+ Ka8 37. Qf7 Rce5 38. Re2 e3 39. Qh5 Qc4 40. Qf3+ Kb8 41. Rfe1 f4 42. b3 Qxc3 43. Qxf4 Ka8 44. h4 Kb8 45. Rxe3 Qxe3+ 46. Rxe3 1-0


[Site "https://www.chess.com"]

[Event "Titled Tuesday Blitz May 23 Early 2023"]
[White "Madaminov, Mukhiddin"]
[Black "MKlose11"]
[WhiteFideId "14210703"]
[WhiteElo "2511"]
[BlackElo "2685"]
[Result "1-0"]
[Round "05"]
[TimeControl "180+2"]
[Date "2023.05.23"]
[WhiteClock "0:00:36"]
[BlackClock "0:00:00"]

1. Nf3 Nf6 2. c4 c5 3. e3 g6 4. b3 Bg7 5. Bb2 O-O 6. g3 d5 7. cxd5 Nxd5 8. Bxg7 Kxg7 9. Bg2 Nb4 10. O-O Nd3 11. Na3 Nc6 12. Nc4 Be6 13. Qc2 f6 14. a3 Qd7 15. Nb2 Rfd8 16. Nxd3 Qxd3 17. Qxc5 Rac8 18. b4 b6 19. Qc3 Ne5 20. Qxd3 Nxf3+ 21. Bxf3 Rxd3 22. Rfd1 f5 23. Be2 Rb3 24. Kf1 Rc2 25. Ke1 Kf6 26. Bb5 Rcb2 27. Ba4 Rd3 28. Bb5 Rd8 29. Rac1 a5 30. Bc4 axb4 31. Bxe6 Kxe6 32. axb4 Rxb4 33. Rb1 Rxb1 34. Rxb1 Rb8 35. d4 Kd5 36. Kd2 b5 37. Kd3 e5 38. dxe5 Kxe5 39. f3 g5 40. Rb4 h5 41. h4 g4 42. f4+ Kd5 43. e4+ fxe4+ 44. Rxe4 1-0


[Site "https://www.chess.com"]

[Event "Titled Tuesday Blitz May 23 Early 2023"]
[White "Stoleriu, George"]
[Black "Lenderman, Aleksandr"]
[WhiteFideId "1227505"]
[BlackFideId "2021285"]
[WhiteElo "2308"]
[BlackElo "2607"]
[Result "1/2-1/2"]
[Round "05"]
[TimeControl "180+2"]
[Date "2023.05.23"]
[WhiteClock "0:00:04"]
[BlackClock "0:00:33"]

1. e4 d5 2. exd5 Nf6 3. d4 Bg4 4. f3 Bc8 5. c4 e6 6. dxe6 Bxe6 7. Nc3 Bd6 8. Bd3 O-O 9. Nge2 Re8 10. O-O Nc6 11. Kh1 Nb4 12. d5 Nxd3 13. Qxd3 Bd7 14. Bf4 Bxf4 15. Nxf4 Qe7 16. Qd2 Qc5 17. b3 Re7 18. Rae1 Rae8 19. Rxe7 Qxe7 20. Nd3 Qe3 21. Nb1 Bf5 22. Qxe3 Rxe3 23. Nc5 Re2 24. Nc3 Rc2 25. N5a4 Bd7 26. Re1 Bxa4 27. Nxa4 Rxa2 28. Kg1 Kf8 29. g4 h6 30. h4 b6 31. Re3 Rd2 32. Nc3 a6 33. Ne2 Nd7 34. Kf2 Nc5 35. Ke1 Rb2 36. Nd4 g6 37. Kd1 Rh2 38. Nc6 a5 39. Re7 Na6 40. Rd7 Rxh4 41. Rd8+ Kg7 42. Ra8 Nc5 43. Rc8 Nxb3 44. Rxc7 Rh2 45. Ke1 Nd2 46. d6 Nxf3+ 47. Kf1 Rd2 48. d7 Nh2+ 49. Ke1 Nf3+ 50. Kf1 Nh2+ 51. Ke1 Nf3+ 52. Kf1 1/2-1/2


[Site "https://www.chess.com"]

[Event "Titled Tuesday Blitz May 23 Early 2023"]
[White "Hakobyan, Aram"]
[Black "Mendez Fortes, Eduardo Jesus"]
[WhiteFideId "13306677"]
[BlackFideId "3502376"]
[WhiteElo "2584"]
[BlackElo "2307"]
[Result "1-0"]
[Round "05"]
[TimeControl "180+2"]
[Date "2023.05.23"]
[WhiteClock "0:02:11"]
[BlackClock "0:02:36"]

1. d4 Nf6 2. c4 e6 3. Nc3 Bb4 4. e3 O-O 5. a3 Bxc3+ 6. bxc3 c5 7. Ne2 d6 8. Ng3 Nc6 9. Be2 b6 10. O-O Na5 11. e4 Ba6 12. f4 Bxc4 13. f5 exf5 14. Nxf5 Nxe4 15. Bxc4 Nxc4 16. Qg4 Qf6 17. Nh6+ 1-0


[Site "https://www.chess.com"]